 Dungeon Crawl Stone Soup version 0.29.1-15-g9cfb28693d (webtiles) character file.

Game seed: 1982258376670911771

868 dudediamond6 the Cleaver (level 8, -3/67 HPs)
             Began as a Hill Orc Fighter on Mar 30, 2023.
             Slain by a scorpion (5 damage)
             ... on level 3 of the Dungeon.
             The game lasted 00:05:58 (4023 turns).

dudediamond6 the Cleaver (Hill Orc Fighter)         Turns: 4023, Time: 00:05:58

Health: -3/67      AC: 16    Str: 21    XL:     8   Next: 3%
Magic:  8/8        EV:  6    Int:  8    God:
Gold:   158        SH:  9    Dex: 10    Spells: 7/7 levels left

rFire   + . .      SeeInvis .   a - +0 war axe
rCold   . . .      Faith    .   i - +1 kite shield
rNeg    + . .      Spirit   .   l - +0 chain mail
rPois   .          Reflect  .   (no helmet)
rElec   .          Harm     .   g - +2 cloak of Ukejurgh {rF+}
rCorr   .          Rampage  .   (no gloves)
Will    .....                   (no boots)
Stlth   ..........              (no amulet)
HPRegen 0.21/turn               h - ring of positive energy
MPRegen 0.11/turn               c - +4 ring of protection

@: no status effects
A: no striking features
a: no special abilities


You were on level 3 of the Dungeon.
You visited 1 branch of the dungeon, and saw 4 of its levels.

You collected 158 gold pieces.

Inventory:

Hand Weapons
 a - a +0 war axe (weapon)
Armour
 g - the +2 cloak of Ukejurgh (worn) {rF+}
   (You found it on level 3 of the Dungeon)

   rF:        It protects you from fire.
 i - a +1 kite shield (worn)
 l - a +0 chain mail (worn)
Jewellery
 c - a +4 ring of protection (right hand)
 h - a ring of positive energy (left hand)
Scrolls
 d - a scroll of butterflies {unknown}
 e - a scroll of fear {unknown}
Potions
 b - a potion of attraction {unknown}
 f - a potion of mutation {unknown}
 j - a potion of berserk rage
 k - a potion of lignification {unknown}
 m - a potion of haste


   Skills:
 + Level 4.9 Fighting
 + Level 9.7 Axes
 + Level 4.8 Armour
 - Level 0.9 Dodging
 + Level 0.1 Stealth
 + Level 4.1 Shields


You had 7 spell levels left.
You didn't know any spells.
Your spell library contained the following spells:

 Spells                   Type           Power      Damage    Failure   Level
 Magic Dart               Conj           0%         1d3       100%        1
 Searing Ray              Conj           0%         2d4       100%        2
 Fulminant Prism          Conj/Hex       0%         3d6       100%        4


Dungeon Overview and Level Annotations

Branches:
Dungeon (4/15)
 Temple: D:4-7

Altars:
Hepliaklqana
Zin


Message History

You are poisoned.
The scorpion poisons you!
You climb upwards.
You feel very sick.
There is a stone staircase leading down here.
You closely miss the orc. You barely miss the scorpion.
You feel very sick.
The scorpion stings you but does no damage.
The orc barely misses you.
The scorpion stings you but does no damage.
The orc hits you but does no damage.
You hit the orc.
The orc is lightly wounded.
You hit the scorpion.
You feel sick. The scorpion stings you.
* * * LOW HITPOINT WARNING * * *
The orc hits you but does no damage.
You hit the orc but do no damage.
The orc is lightly wounded.
You hit the scorpion but do no damage.
You feel sick. You block the scorpion's attack. The orc barely misses you.
You slash the orc!
You kill the orc!
You barely miss the scorpion.
You feel sick. You block the scorpion's attack.
The scorpion stings you but does no damage.
You closely miss the scorpion.
The scorpion is heavily wounded.
You feel sick. You block the scorpion's attack.
You hit the scorpion but do no damage.
The scorpion is heavily wounded.
You feel sick. You block the scorpion's attack.
The scorpion stings you but does no damage.
You hit the scorpion.
The scorpion is severely wounded.
You feel sick.
You are no longer poisoned.
You block the scorpion's attack.
You hit the scorpion but do no damage.
The scorpion is severely wounded.
The scorpion stings you.
You die...

######............#
#..###.# #.## #
############## #......#
#.# # ##.##.### #.# #
#####...#.#####.# #
###........)......# #
#######
#.....#.....####..##
###.....# ##.....####..#
#.... ........#
##..s#........# #.###
........# ##....@..)####.#
##.#
###...).###...##)##....<.#
#..#
#.................######
#.## #####.#####...#.###
#.# ##.## ##....# #.####
##...## #...## #.#.)>
##.....## ##..# #.#.##
####.......####..# #.#.#
.......#.........# #.#.#


You could see a scorpion.

Vanquished Creatures
  Pikel (D:3)
  Sigmund (D:2)
  A phantom (D:4)
  An orc priest (D:3)
  Crazy Yiuf (D:2)
  An iguana (D:4)
  4 adders
  An ufetubus (D:4)
  2 worms
  2 dart slugs
  5 orcs
  3 ball pythons
  6 endoplasms
  4 giant cockroaches
  4 goblins
  8 hobgoblins
  2 jackals (D:1)
  7 quokkas
  6 bats
  A frilled lizard (D:2)
  6 kobolds
  4 rats
71 creatures vanquished.

Notes
Turn   | Place    | Note
-------+----------+-------------------------------------------
     0 | D:1      | dudediamond6 the Hill Orc Fighter began the quest for the
                  | Orb.
     0 | D:1      | Reached XP level 1. HP: 19/19 MP: 1/1
    19 | D:1      | Reached skill level 3 in Axes
   166 | D:1      | Reached XP level 2. HP: 15/26 MP: 2/2
   590 | D:1      | Reached skill level 4 in Axes
  1041 | D:2      | Noticed Sigmund
  1053 | D:2      | Killed Sigmund
  1054 | D:2      | Reached skill level 7 in Axes
  1054 | D:2      | Reached XP level 3. HP: 24/31 MP: 3/3
  1054 | D:2      | Reached XP level 4. HP: 30/39 MP: 4/4
  1054 | D:2      | Reached XP level 5. HP: 35/45 MP: 5/5
  1321 | D:2      | Found a runed translucent door.
  1322 | D:2      | Noticed Crazy Yiuf
  2256 | D:2      | Killed Crazy Yiuf
  2257 | D:2      | Reached XP level 6. HP: 13/52 MP: 0/6
  2682 | D:3      | Reached skill level 8 in Axes
  2750 | D:3      | Identified the +6 flail "Heulaple" {protect, rElec rPois
                  | Dex-5}
  2884 | D:3      | Found a hazy altar of Hepliaklqana.
  3296 | D:3      | Identified the +2 cloak of Ukejurgh {rF+}
  3345 | D:3      | Found a glowing silver altar of Zin.
  3616 | D:4      | Noticed Pikel
  3639 | D:3      | Killed Pikel
  3640 | D:3      | Reached skill level 9 in Axes
  3640 | D:3      | Reached XP level 7. HP: 22/60 MP: 7/7
  3902 | D:4      | Reached XP level 8. HP: 65/67 MP: 8/8
  4020 | D:3      | HP: 3/67 [poisoned by a scorpion]
  4023 | D:3      | Slain by a scorpion

Illustrated notes

Levels and vault maps discovered:
D:1:      dpeg_arrival_houses_and_road, layout_rooms, minmay_misc_feat_enclosed
D:2:      minmay_chambers_of_twos, layout_loops_ring, minivault_11,
          uniq_crazy_yiuf_cottage, uniq_sigmund
D:3:      layout_loops_ring, mainiacjoe_overflow_alcove_1, zin_treasury
D:4:      minmay_chambers_of_fours, layout_cave_pools, serial_column_ruins,
          column_ruins_hut, column_ruins_open_small, column_ruins_open_tiny,
          column_ruins_columns_straight, column_ruins_open_tiny,
          column_ruins_corridor_water, serial_shops, shop_fountains,
          serial_bayou_pond_a, nicolae_shop_self_help, uniq_pikel

Skill      XL: |  1  2  3  4  5  6 |
---------------+-------------------+-----
Axes           | 3 7 9 |  9.7
Fighting       | 4 |  4.9
Armour         | 4 |  4.8
Shields        | 4 |  4.1
Dodging        | |  0.9
Stealth        | |  0.1

Action                   |  1- 3 |  4- 6 |  7- 9 || total
-------------------------+-------+-------+-------++-------
Melee: War axe           |    41 |   194 |    54 ||   289
  Use: Potion            |     1 |       |       ||     1
       Scroll            |       |     7 |     2 ||     9
Armor: Scale mail        |    26 |    11 |       ||    37
       Chain mail        |       |    89 |    41 ||   130
Dodge: Dodged            |    24 |    62 |    11 ||    97
Block: Buckler           |     6 |    30 |       ||    36
       Kite shield       |       |    15 |    28 ||    43
